 Dungeon Crawl Stone Soup version 0.18-a0-1702-gd20c6a5 (webtiles) character file.

1850 M4edhros the Slinger (level 9, 0/53 HPs)
             Began as an Octopode Wanderer on Apr 7, 2016.
             Slain by a killer bee (9 damage)
             ... on level 7 of the Dungeon.
             The game lasted 00:09:46 (6926 turns).

M4edhros the Slinger (Octopode Wanderer)            Turns: 6926, Time: 00:09:47

Health: 0/53       AC:  1    Str: 14    XL:     9   Next: 12%
Magic:  13/13      EV: 13    Int: 13    God:
Gold:   289        SH:  0    Dex: 15    Spells: 0 memorised, 14 levels left

rFire  + . .     SeeInvis .     j - +5 hunting sling
rCold  + . .     Gourm    .     (no shield)
rNeg   . . .     Faith    .     (helmet restricted)
rPois  +         Spirit   .     i - amulet of magic regeneration
rElec  +         Dismiss  .     D - +2 ring of strength
rCorr  +         Reflect  .     s - ring of stealth
SustAt .         Harm     .     (no ring)
MR     .....                    (no ring)
Stlth  ++++++....               (no ring)
                                (no ring)
                                (no ring)
                                (no ring)

@: lethally poisoned (0 -> -3), resistant, very slightly contaminated, hasted,
very quick, not resistant to hostile enchantments, very stealthy
A: almost no armour, amphibious, 8 rings, constrict 8, camouflage 1, gelatinous
body 1
a: no special abilities


You were on level 7 of the Dungeon.
You were not hungry.

You visited 1 branch of the dungeon, and saw 7 of its levels.

You collected 289 gold pieces.

Inventory:

Hand Weapons
 a - a +2 dagger
 j - a +5 hunting sling (weapon)
Missiles
 e - 205 stones (quivered)
 o - 75 sling bullets
Jewellery
 f - an uncursed ring of ice
 i - an amulet of magic regeneration (around mantle)
 s - a ring of stealth (right tentacle)
 t - an uncursed ring of ice
 D - a +2 ring of strength (left tentacle)
Wands
 b - a wand of random effects (24/48)
 h - a wand of paralysis (1/24)
 A - a wand of hasting (4/9)
 F - a wand of slowing (13/48)
Scrolls
 g - 3 scrolls of magic mapping {unknown}
 k - 2 scrolls of random uselessness {unknown}
 l - a scroll of noise {unknown}
 m - a scroll of identify {unknown}
 n - a scroll of teleportation {unknown}
 p - a scroll of fear {unknown}
 q - 3 scrolls of enchant weapon {unknown}
 u - 5 scrolls of remove curse {unknown}
 v - 2 scrolls of blinking {unknown}
 x - 2 scrolls of fog {unknown}
 y - 2 scrolls of immolation {unknown}
 z - a scroll of recharging {unknown}
Potions
 B - 3 potions of might
 E - a potion of haste {unknown}
Books
 c - Sif Muna's Volume of Earth

   Spells                             Type                      Level
   a - Sandblast                      Earth                        1
   b - Stone Arrow                    Conjuration/Earth            3
Comestibles
 d - 5 bread rations
 r - 3 meat rations
 w - 3 fruits


   Skills:
 - Level 1.0 Fighting
 - Level 1.0 Short Blades
 + Level 9.8 Slings
 - Level 1.0(6.2) Throwing
 - Level 3.5 Dodging
 - Level 7.0 Stealth
 - Level 3.0 Spellcasting
   Level 2.0 Earth Magic


You had 14 spell levels left.
You didn't know any spells.

Dungeon Overview and Level Annotations

Branches:
Dungeon (7/15)
 Temple: D:4-7

Altars:
Makhleb
Qazlal

Shops:
D:4 *   D:6 [


Innate Abilities, Weirdness & Mutations

You cannot wear most types of armour.
You are amphibious.
You can wear up to eight rings at the same time.
You can use your tentacles to constrict eight enemies at once.
Your skin changes colour to match your surroundings (Stealth).
Your rubbery body absorbs attacks (AC +1).


Message History

The killer bee stings you.
* * * LOW HITPOINT WARNING * * *
You are poisoned.
The killer bee poisons you! The killer bee stings you.
* * * LOW HITPOINT WARNING * * *
Evoke which item? (* to show all) (? for menu, Esc to quit)
Zapping:
h - a wand of paralysis {zapped: 2} (will waste charges)
Press: ? - help, Shift-Dir - straight line, f/p - killer bee
Aim: a killer bee (heavily wounded, chance to defeat MR: 54%)
The killer bee resists with significant effort.
Evoking this partially-identified wand wasted a few charges.
You feel sick. The killer bee closely misses you.
Evoke which item? (* to show all) (? for menu, Esc to quit)
Zapping:
h - a wand of paralysis {zapped: 4} (will waste charges)
Press: ? - help, Shift-Dir - straight line, f/p - killer bee
Aim: a killer bee (heavily wounded, chance to defeat MR: 54%)
The killer bee resists with significant effort.
Evoking this partially-identified wand wasted a few charges.
The killer bee stings you!
You die...

###(. .... #.y #(#+# ..
###..## #. #.....# #.
#y#...# #. #y#...# #)#
#@###.# .#.###.###.....#
............####
#####..###.# #..# #.#
#..# #.# #.[# #.#
##.#####..# #.#
.........>###.#########..


You could see 2 killer bees.

Vanquished Creatures
  Sigmund (D:2)
  Eustachio (D:5)
  A sky beast (D:5)
  An ice beast (D:6)
  A phantom (D:6)
  A centaur (D:5)
  2 giant frogs (D:6)
  An elf skeleton (D:5)
  A scorpion (D:5)
  2 killer bees (D:7)
  A howler monkey (D:5)
  A crimson imp (D:5)
  2 orc priests
  A human zombie (D:5)
  A jelly (D:7)
  2 hounds
  An orc wizard (D:6)
  A giant frog skeleton (D:7)
  An iguana (D:5)
  Jessica (D:2)
  2 human skeletons (D:5)
  Natasha (twice) (D:4)
  Ijyb (D:3)
  A worker ant (D:6)
  A howler monkey zombie (D:6)
  Robin (D:3)
  4 gnolls (D:3)
  12 adders
  2 shadow imps
  4 oozes
  An adder zombie (D:5)
  5 worms
  4 dart slugs
  15 orcs
  2 giant cockroaches
  19 goblins
  11 hobgoblins
  26 jackals
  4 quokkas
  4 ball pythons
  7 bats
  2 giant cockroach zombies
  3 giant newts
  6 kobolds
  An orc skeleton (D:5)
  An orc zombie (D:5)
  A quokka skeleton (D:6)
  8 rats
174 creatures vanquished.

Notes
Turn   | Place    | Note
--------------------------------------------------------------
     0 | D:1      | M4edhros the Octopode Wanderer began the quest for the Orb.
     0 | D:1      | M4edhros set off with: a +2 dagger, a potion of heal wounds, Sif Muna's Volume of Earth, a bread ration
     0 | D:1      | Reached XP level 1. HP: 13/13 MP: 4/4
     0 | D:1      | Identified Sif Muna's Volume of Earth
    48 | D:1      | Reached XP level 2. HP: 15/18 MP: 6/6
   478 | D:1      | Reached XP level 3. HP: 21/23 MP: 7/7
  1313 | D:2      | Reached XP level 4. HP: 27/28 MP: 8/8
  1334 | D:2      | Noticed Jessica
  1341 | D:2      | Killed Jessica
  1345 | D:2      | Reached skill level 5 in Stealth
  1432 | D:2      | Noticed Sigmund
  1441 | D:2      | Killed Sigmund
  1441 | D:2      | Reached XP level 5. HP: 20/33 MP: 9/9
  1441 | D:2      | Reached XP level 6. HP: 23/38 MP: 10/10
  2277 | D:3      | Reached skill level 1 in Slings
  2278 | D:3      | Noticed Robin
  2384 | D:3      | Killed Robin
  2384 | D:3      | Reached skill level 2 in Slings
  3059 | D:3      | Noticed Ijyb
  3062 | D:3      | Reached skill level 3 in Slings
  3075 | D:3      | Killed Ijyb
  3075 | D:3      | Reached XP level 7. HP: 43/43 MP: 11/11
  3233 | D:3      | Noticed a steam dragon
  3543 | D:4      | Found Dzaseber's Desiderata Depot.
  3737 | D:4      | Noticed Natasha
  3740 | D:4      | Killed Natasha
  3740 | D:4      | Reached skill level 4 in Slings
  3852 | D:4      | Noticed Natasha
  3856 | D:4      | Killed Natasha
  4093 | D:5      | Entered Level 5 of the Dungeon
  4290 | D:5      | Reached skill level 5 in Slings
  4495 | D:5      | Reached skill level 6 in Slings
  4648 | D:5      | Reached XP level 8. HP: 10/48 MP: 12/12
  5130 | D:5      | Reached skill level 7 in Slings
  5287 | D:5      | Noticed Eustachio
  5403 | D:5      | Killed Eustachio
  5745 | D:5      | Found a burning altar of Makhleb.
  5924 | D:6      | Reached skill level 8 in Slings
  5969 | D:6      | Found Sol Qiun's Antique Armour Emporium.
  6217 | D:6      | Reached skill level 9 in Slings
  6552 | D:6      | Reached XP level 9. HP: 53/53 MP: 13/13
  6569 | D:6      | Found a stormy altar of Qazlal.
  6926 | D:7      | Slain by a killer bee

Vault maps used:
D:1:      erik_arrival_gehennom
D:2:      uniq_jessica, uniq_sigmund
D:3:      first_bread, lightli_corner_chamber, uniq_robin, uniq_iyjb
D:4:      lemuel_upstairs_altar, nicolae_alphabet_shops, uniq_natasha
D:5:      makhleb_grotto_becter, nicolae_ossuary_entry_catacombs, uniq_eustachio
D:6:      nicolae_qazlal_style_of_elements, serial_shops, shop
D:7:      kennysheep_mini, minmay_temple_entry_statues_fountains, serial_shops,
          shop

Skill      XL: |  1  2  3  4  5  6  7  8 |
---------------+-------------------------+-----
Stealth        | 2 3 4 6 7 |  7.0
Dodging        | 2 3 |  3.5
Slings         | 3 6 9 |  9.8
Fighting       | |  1.0
Short Blades   | |  1.0
Throwing       | |  1.0
Spellcasting   | |  3.0
Earth Magic    | |  2.0

Action                   |  1- 3 |  4- 6 |  7- 9 || total
-------------------------+-------+-------+-------++-------
Melee: Dagger            |    63 |    59 |    51 ||   173
 Fire: Hunting sling     |       |   123 |   314 ||   437
Evoke: Wand              |       |       |     6 ||     6
  Use: Potion            |       |     7 |     7 ||    14
 Stab: Sleeping          |    15 |     8 |     4 ||    27
  Eat: Chunk             |       |     7 |     9 ||    16
       Meat ration       |       |       |     1 ||     1
